 Dungeon Crawl Stone Soup version 0.28-a0-872-g80cf8599ee (webtiles) character file.

Game seed: 13743233133422707327

23258 bjtr the Geomancer (level 13, -9/101 HPs)
             Began as a Formicid Earth Elementalist on Nov 21, 2021.
             Was an Elder of Vehumet.
             Killed by divine providence
             ... invoked by a meliai
              (13 damage)
             ... on level 12 of the Dungeon.
             The game lasted 01:48:05 (18396 turns).

bjtr the Geomancer (Formicid Earth Elementalist)   Turns: 18396, Time: 01:48:06

Health: -9/101     AC: 14    Str: 16    XL:     13   Next: 33%
Magic:  24/27      EV: 16    Int: 30    God:    Vehumet [****..]
Gold:   204        SH:  0    Dex: 21    Spells: 8/32 levels left

rFire   + . .      SeeInvis +   V - +3 broad axe (flame)
rCold   . . .      Faith    .   g - +0 kite shield
rNeg    . . .      Spirit   .   q - +0 troll leather armour
rPois   .          Reflect  .   (helmet unavailable)
rElec   .          Harm     .   I - +1 cloak "Jikk" {Str+2 Int+2}
rCorr   .          Rampage  .   (no gloves)
Will    +....                   Y - +2 pair of boots {Stlth+}
Stlth   ++........              e - amulet of regeneration
HPRegen 2.26/turn               o - +4 ring of protection
MPRegen 0.20/turn               N - ring "Ryzoq" {rF+ Int+9 Dex+10}

@: confused
A: permanent stasis, dig shafts and tunnels, antennae 3, four strong arms
a: Dig, Shaft Self, Renounce Religion


You were on level 12 of the Dungeon.
You worshipped Vehumet.
Vehumet was greatly pleased with you.
You visited 2 branches of the dungeon, and saw 14 of its levels.
You also visited: Ossuary.

You collected 1040 gold pieces.
You spent 836 gold pieces at shops.

Inventory:

Hand Weapons
 a - a +3 mace of venom
 j - a +0 halberd
 m - a +3 broad axe
 p - a +0 battleaxe
 s - a +0 longbow
 L - a +0 morningstar
 V - a +3 broad axe of flaming (weapon)
 X - a +0 great sword of venom
Missiles
 c - 235 stones (quivered)
 f - 430 arrows
 k - 18 bolts
 l - a curare-tipped dart
 H - 6 silver boomerangs
 J - 2 boomerangs of dispersal
 K - 11 atropa-tipped darts
Armour
 g - a +0 kite shield (worn)
 q - a +0 troll leather armour (worn)
 I - the +1 cloak "Jikk" (worn) {Str+2 Int+2}
   (You found it on level 10 of the Dungeon)

   Str:       It affects your strength (+2).
   Int:       It affects your intelligence (+2).
 W - +0 steam dragon scales
 Y - a +2 pair of boots of stealth (worn)
Magical Staves
 b - a staff of earth
Jewellery
 e - an amulet of regeneration (around neck)
 o - a +4 ring of protection (left hand)
 t - a ring of protection from cold
 w - a +4 ring of evasion
 G - a ring of willpower
 N - the ring "Ryzoq" (right hand) {rF+ Int+9 Dex+10}
   (You found it on level 7 of the Dungeon)

   [ring of protection from fire]

   Int:       It affects your intelligence (+9).
   Dex:       It affects your dexterity (+10).
   rF:        It protects you from fire.
 R - a ring of flight
Wands
 r - a wand of charming (7)
 A - a wand of flame (32)
Scrolls
 d - a scroll of amnesia
 h - 2 scrolls of identify
 z - a scroll of fog
 D - 2 scrolls of fear
 Q - 4 scrolls of enchant weapon
Potions
 i - 2 potions of cancellation
 n - 4 potions of might
 v - a potion of mutation
 F - a potion of brilliance
 O - a potion of resistance
 P - 3 potions of flight
Miscellaneous
 T - a lightning rod (inert)


   Skills:
 - Level 9.1 Fighting
 - Level 6.1 Armour
 - Level 9.3 Dodging
 + Level 2.8 Stealth
 * Level 2.8 Shields
 + Level 10.2 Spellcasting
 + Level 5.0 Conjurations
 - Level 1.1 Transmutations
 + Level 7.4 Fire Magic
 + Level 1.0 Ice Magic
 + Level 10.5 Earth Magic
 - Level 3.7 Poison Magic


You had 8 spell levels left.
You knew the following spells:

 Your Spells              Type           Power      Damage    Failure   Level
a - Sandblast             Erth           100%       2d20      1%          1
b - Passwall              Tmut/Erth      41%        N/A       2%          2
c - Stone Arrow           Conj/Erth      100%       3d13      1%          3
d - Petrify               Tmut/Erth      50%        N/A       14%         4
e - Ozocubu's Armour      Ice            21%        N/A       30%         3
f - Mephitic Cloud        Conj/Pois/Air  32%        N/A       4%          3
g - Call Imp              Summ           15%        N/A       24%         2
h - Scorch                Fire           100%       2d10      1%          2
i - Passage of Golubria   Tloc           15%        N/A       83%         4

Your spell library contained the following spells:

 Spells                   Type           Power      Damage    Failure   Level
 Frozen Ramparts          Ice            42%        1d6       9%          3
 Magic Dart               Conj           100%       1d8       1%          1
 Apportation              Tloc           30%        N/A       16%         1
 Spider Form              Tmut/Pois      29%        N/A       17%         3
 Leda's Liquefaction      Hex/Erth       23%        N/A       17%         4
 Ensorcelled Hibernation  Hex/Ice        36%        N/A       19%         2
 Call Canine Familiar     Summ           15%        N/A       43%         3
 Portal Projectile        Hex/Tloc       30%        N/A       43%         3
 Tukima's Dance           Hex            15%        N/A       43%         3
 Summon Ice Beast         Ice/Summ       18%        N/A       77%         4
 Silence                  Hex/Air        7%         N/A       99%         5
 Summon Mana Viper        Hex/Summ       15%        N/A       99%         5
 Monstrous Menagerie      Summ           7%         N/A       100%        7
 Ozocubu's Refrigeration  Ice            10%        4d7       100%        7
 Lehudib's Crystal Spear  Conj/Erth      29%        10d8      100%        8


Dungeon Overview and Level Annotations

Branches:
Dungeon (13/15)            Temple (1/1) D:7            Lair (0/6) D:9
    Orc (0/2) D:11        Ossuary (visited)
 Vaults: D:13-14

Altars:
Ashenzari
Cheibriados
Dithmenos
Elyvilon
Fedhas
Gozag
Hepliaklqana
Kikubaaqudgha
Makhleb
Nemelex Xobeh
Okawaru
Qazlal
Ru
Sif Muna
Trog
Uskayaw
Vehumet
Wu Jian
Xom
Yredelemnul
Zin
The Shining One

Shops:
D:1 [   D:4 ?:   D:11 =

Portals:
Abyss: D:8
Trove: D:10 (give +7 demon blade)
Bailey: D:13

Annotations:
D:8 2 transporters, Encipher's ghost, novice DsBe


Innate Abilities, Weirdness & Mutations

You cannot be hasted, slowed, berserked, paralysed or teleported.
You can dig through walls and to a lower floor.
You have a pair of large antennae on your head. (SInv)
Your four strong arms can wield two-handed weapons with a shield.


Message History

The meliai completely misses you. The meliai misses you.
Unknown command.
You extend your mandibles.
You dig through the rock wall.
The meliai hits you but does no damage. The meliai stings you.
* * * LOW HITPOINT WARNING * * *
Unknown command.
You dig through the rock wall.
The meliai mumbles some strange prayers to its god against you.
Something smites you!
* * * LOW HITPOINT WARNING * * *
The meliai barely misses you. The meliai closely misses you.
Unknown command.
You feel better. You block the meliai's attack. The meliai stings you!
* * * LOW HITPOINT WARNING * * *
You block the meliai's attack. The meliai closely misses you.
Unknown command.
Okay, then.
Okay, then.
Press: ? - help, v - describe, . - travel
Here: a meliai, wielding a +0 hand axe and wearing a +0 leather armour The floor.
Unknown command.
Casting: Stone Arrow (safe; 1% risk of failure)
Confirm with . or Enter, or press ? or * to list all spells.
Aiming: Mephitic Cloud (mildly dangerous; 4% risk of failure)
Press: ? - help, Shift-Dir - straight line, f - meliai
Aim: a meliai, wielding a +0 hand axe and wearing a +0 leather armour (chance to affect: 67%) That beam is likely to hit you.
Continue anyway?
The ball explodes into a vile cloud!
The stinking cloud engulfs the meliai but does no damage.
The stinking cloud engulfs you but does no damage.
The stinking cloud engulfs the centaur but does no damage.
You are engulfed in noxious fumes.
You choke on the stench!
You are confused.
* * * LOW HITPOINT WARNING * * *
The meliai is engulfed in noxious fumes.
The meliai invokes the aid of its god against you.
Something smites you!
You die...

###................#
#.....#...........)#
##..####.....###....
##.# #......###...#
#####.............
#.........#.....
##c........#.....
##y#{......###....
#@##...........#..
########......##.#
#...##.##...
##...####....
#...####....#
#..........##
#..#......##
####.#...## #######


You could see a meliai and a centaur.

Vanquished Creatures
  5 two-headed ogres
  A death knight (D:12)
  3 centaur warriors
  A death yak (D:9)
  A phantasmal warrior (D:12)
  Pikel (D:6)
  4 cyclopes
  2 manticores
  A komodo dragon (D:11)
  A gargoyle (D:12)
  Maggie (D:7)
  3 freezing wraiths
  2 hornets
  Grinder (D:4)
  2 trolls
  3 slime creatures (D:12)
  2 wyverns
  12 yaks
  A steam dragon (D:10)
  Eustachio (D:6)
  4 wraiths
  Menkaure (D:6)
  6 vampire mosquitoes
  Duvessa (D:4)
  A water moccasin (D:5)
  11 orc warriors
  A sky beast (D:6)
  2 ice beasts
  3 black bears
  A necrophage (D:5)
  12 centaurs
  An ogre (D:11)
  6 kobold brigands
  Blork the orc (D:4)
  2 bullfrogs
  4 gnoll sergeants
  4 scorpions
  A wyvern skeleton (D:7)
  Dowan (D:4)
  15 killer bees
  9 wights
  5 howler monkeys
  2 bullfrog zombies
  3 hounds
  4 jellies
  6 centaur zombies
  A bullfrog skeleton (D:5)
  3 orc priests
  A gnoll shaman (D:8)
  Terence (D:3)
  Ijyb (D:3)
  An iguana (D:5)
  7 orc wizards
  Natasha (thrice) (D:3)
  8 mummies (Ossuary)
  A howler monkey zombie (D:5)
  24 gnolls
  4 adders
  A shadow imp (D:5)
  A worm zombie (D:4)
  4 worms
  2 dart slugs (D:1)
  28 orcs
  5 ball pythons
  3 endoplasms
  2 giant cockroaches
  8 goblins
  9 hobgoblins
  4 jackals (D:5)
  15 kobolds
  3 quokkas
  5 bats
  A frilled lizard (D:1)
  2 gnoll zombies (Ossuary)
  3 hobgoblin zombies (Ossuary)
  A jackal zombie (D:4)
  2 kobold zombies (Ossuary)
  An orc zombie (Ossuary)
  6 rats
316 creatures vanquished.

Vanquished Creatures (collateral kills)
  A troll (D:12)
1 creature vanquished.

Vanquished Creatures (others)
  A centaur (D:12)
  A gnoll (D:8)
  4 fungi (D:9)
  12 plants (D:13)
18 creatures vanquished.

Grand Total: 335 creatures vanquished

Notes
Turn   | Place    | Note
-------+----------+-------------------------------------------
     0 | D:1      | bjtr the Formicid Earth Elementalist began the quest for
                  | the Orb.
     0 | D:1      | Reached XP level 1. HP: 13/13 MP: 3/3
   154 | D:1      | Reached XP level 2. HP: 19/19 MP: 5/5
   162 | D:1      | Found Baric's Antique Armour Shop.
   515 | D:1      | Found a faded altar of an unknown god.
   798 | D:2      | Reached XP level 3. HP: 16/24 MP: 4/6
  1542 | D:2      | Reached XP level 4. HP: 30/30 MP: 5/8
  1804 | D:2      | Learned a level 2 spell: Passwall
  1808 | D:2      | Learned a level 3 spell: Stone Arrow
  1826 | D:3      | Reached skill level 5 in Earth Magic
  2471 | D:3      | Noticed Terence
  2478 | D:3      | Killed Terence
  2479 | D:3      | Reached XP level 5. HP: 26/36 MP: 6/9
  2577 | D:3      | Noticed Ijyb
  2585 | D:3      | Killed Ijyb
  2861 | D:3      | Noticed Natasha
  3312 | D:3      | Killed Natasha
  3313 | D:3      | Reached skill level 1 in Fighting
  3313 | D:3      | Reached XP level 6. HP: 43/43 MP: 9/11
  3507 | D:3      | Noticed Natasha
  3514 | D:3      | Killed Natasha
  3904 | D:3      | Noticed Natasha
  3909 | D:3      | Killed Natasha
  3962 | D:4      | Found Corociysk's Magic Scroll Shop.
  4003 | D:4      | Found a sand-covered staircase.
  4030 | Ossuary  | Entered an ossuary
  4693 | Ossuary  | Reached XP level 7. HP: 37/49 MP: 11/13
  4964 | D:4      | Noticed Grinder
  4983 | D:4      | Killed Grinder
  5213 | D:4      | Reached skill level 5 in Spellcasting
  5283 | D:4      | Found Itoceob's Self-Improvement Boutique.
  5352 | D:4      | Noticed Dowan
  5417 | D:4      | Noticed Duvessa
  5435 | D:4      | Killed Duvessa
  5436 | D:4      | Reached XP level 8. HP: 40/58 MP: 11/15
  5559 | D:4      | Killed Dowan
  5685 | D:4      | Noticed Blork the orc
  5693 | D:4      | Killed Blork the orc
  6286 | D:5      | Entered Level 5 of the Dungeon
  6515 | D:5      | Reached skill level 1 in Armour
  7200 | D:5      | Reached XP level 9. HP: 39/65 MP: 16/18
  7450 | D:5      | You fall into a shaft and drop 3 floors!
  7453 | D:8      | Noticed a hornet
  7493 | D:8      | Found a transporter.
  7518 | D:8      | Found a one-way gate to the infinite horrors of the Abyss.
  7518 | D:8      | Found a transporter.
  7518 | D:8      | Noticed Encipher's ghost (novice DsBe)
  7626 | D:7      | Identified the ring "Ryzoq" {rF+ Int+9 Dex+10}
  7683 | D:7      | Noticed a boulder beetle
  7710 | D:6      | Noticed Menkaure
  7714 | D:6      | Killed Menkaure
  8739 | D:6      | Noticed Pikel
  8752 | D:6      | Killed Pikel
  8753 | D:6      | Reached skill level 5 in Armour
  8864 | D:6      | Reached skill level 5 in Fighting
  8928 | D:6      | Noticed Eustachio
  9585 | D:6      | Reached XP level 10. HP: 69/74 MP: 20/20
 10080 | D:6      | Killed Eustachio
 10431 | D:7      | Found a shimmering altar of Xom.
 10522 | D:7      | Found a staircase to the Ecumenical Temple.
 10584 | Temple   | Entered the Ecumenical Temple
 10795 | Temple   | Became a worshipper of Vehumet
 10825 | D:7      | Noticed Maggie
 10855 | D:7      | Killed Maggie
 10856 | D:7      | Reached skill level 5 in Dodging
 10856 | D:7      | Reached skill level 1 in Conjurations
 11092 | D:7      | Learned a level 4 spell: Petrify
 11211 | D:7      | Found a shimmering blue altar of Sif Muna.
 11221 | D:7      | Reached skill level 1 in Fire Magic
 11226 | D:7      | Got Sif Muna's Catalogue of Translocation
 11842 | D:8      | Reached * piety under Vehumet
 11842 | D:8      | Offered knowledge of Shock by Vehumet.
 12154 | D:8      | Noticed a worldbinder
 12159 | D:8      | Noticed a toenail golem
 12699 | D:9      | Found a sparkling altar of Nemelex Xobeh.
 12884 | D:9      | Found a staircase to the Lair.
 12884 | D:9      | Noticed a death yak
 13030 | D:8      | Reached XP level 11. HP: 72/81 MP: 23/23
 13119 | D:8      | Learned a level 3 spell: Ozocubu's Armour
 13290 | D:9      | Killed a death yak
 13339 | D:9      | Reached skill level 10 in Earth Magic
 13370 | D:9      | Noticed a two-headed ogre
 13424 | D:9      | Killed a two-headed ogre
 13474 | D:8      | Offered knowledge of Magic Dart by Vehumet.
 13476 | D:8      | Reached ** piety under Vehumet
 14035 | D:4      | Bought a scroll of acquirement for 728 gold pieces
 14035 | D:4      | Acquired a +2 pair of boots of stealth
 14108 | D:10     | Entered Level 10 of the Dungeon
 14788 | D:10     | Learned a level 3 spell: Mephitic Cloud
 14791 | D:10     | Learned a level 2 spell: Call Imp
 14942 | D:10     | Identified the +1 cloak "Jikk" {Str+2 Int+2}
 14963 | D:10     | Reached skill level 5 in Fire Magic
 15180 | D:10     | Found a portal to a secret trove of treasure.
 15319 | D:11     | Found Xapoopp's Jewellery Boutique.
 15395 | D:11     | Reached XP level 12. HP: 59/91 MP: 24/24
 15587 | D:11     | Noticed a two-headed ogre
 15593 | D:11     | Killed a two-headed ogre
 15675 | D:11     | Reached skill level 1 in Poison Magic
 15691 | D:11     | Offered knowledge of Scorch by Vehumet.
 15710 | D:11     | Learned a level 2 spell: Scorch
 15788 | D:11     | Noticed a two-headed ogre
 15802 | D:11     | Killed a two-headed ogre
 16016 | D:11     | Found a staircase to the Orcish Mines.
 16045 | D:11     | Reached *** piety under Vehumet
 16520 | D:12     | Noticed a two-headed ogre
 16541 | D:12     | Noticed a centaur warrior
 16587 | D:12     | Noticed a two-headed ogre
 16602 | D:11     | Killed a two-headed ogre
 16654 | D:11     | Killed a two-headed ogre
 17037 | D:12     | Noticed a death knight
 17250 | D:12     | Offered knowledge of Frozen Ramparts by Vehumet.
 17268 | D:12     | Killed a death knight
 17281 | D:12     | Reached XP level 13. HP: 35/99 MP: 20/26
 17577 | D:12     | Killed a centaur warrior
 17607 | D:12     | Noticed a centaur warrior
 17619 | D:12     | Killed a centaur warrior
 17620 | D:12     | Reached skill level 10 in Spellcasting
 18048 | D:1      | Learned a level 4 spell: Passage of Golubria
 18048 | D:1      | Bought a kite shield for 108 gold pieces
 18266 | D:12     | Reached skill level 1 in Shields
 18305 | D:13     | Found a flagged portal.
 18316 | D:13     | Noticed a centaur warrior
 18344 | D:13     | Killed a centaur warrior
 18345 | D:13     | Reached skill level 5 in Conjurations
 18352 | D:13     | Reached **** piety under Vehumet
 18353 | D:13     | Reached skill level 1 in Ice Magic
 18386 | D:13     | HP: 2/101 [centaur[a centaur warrior] (4)]
 18394 | D:12     | HP: 3/101 [meliai/divine providence (11)]
 18396 | D:12     | Killed from afar by a meliai

Illustrated notes

Levels and vault maps discovered:
D:1:      amcnicky_arrival_single_pillar, layout_rooms, serial_shops,
          nicolae_shop_stone, shapermc_ecumenical_altar_mp_vishouse
D:2:      layout_loops_corners
D:3:      layout_basic, uniq_natasha, uniq_terence, uniq_ijyb
D:4:      layout_rooms, enter_ossuary_3, serial_shops, shop,
          nicolae_shop_self_help, uniq_blork_the_orc, uniq_grinder, uniq_duvessa
D:5:      layout_gridville, kennysheep_generic_room_16
D:6:      layout_layer_cave, uniq_menkaure, uniq_pikel, uniq_eustachio
D:7:      layout_loops_ring, led_sif_book, mainiacjoe_overflow_alcove_2,
          minmay_temple_entry_gardened_gates, uniq_maggie
D:8:      layout_loops_ring, gammafunk_ghost_abyssal_escape,
          kennysheep_generic_room_7
D:9:      layout_irregular_city, mainiacjoe_overflow_alcove_4,
          david_lair_generic
D:10:     layout_irregular_city, nicolae_trove_entry_crystal
D:11:     layout_cave_pools, kennysheep_orc_monster_closet_entryway,
          serial_shops, nicolae_shop_window_shopping, grunt_decor_junction
D:12:     layout_cave_pools, kennysheep_generic_room_13
D:13:     layout_rooms, david_vaults_5, enter_bailey_6,
          hangedman_decor_diamond_cutter, wad_floor_pattern_1,
          nicolae_hepliaklqana_hazy_memory
Temple:   mainiacjoe_temple_bowtie_tessellation

Skill      XL: |  1  2  3  4  5  6  7  8  9 10 11 12 13 |
---------------+----------------------------------------+-----
Earth Magic    | 4 5 6 7 8 9 10 | 10.5
Dodging        | 2 3 4 6 7 9 |  9.3
Spellcasting   | 3 4 5 6 7 8 9 10 | 10.2
Fighting       | 1 3 4 5 6 7 8 9 |  9.1
Armour         | 3 5 6 |  6.1
Conjurations   | 2 3 4 5 |  5.0
Fire Magic     | 3 5 6 7 |  7.4
Poison Magic   | 3 |  3.7
Shields        | 2 |  2.8
Ice Magic      | 1 |  1.0
Stealth        | |  2.8
Transmutations | |  1.1

Action                   |  1- 3 |  4- 6 |  7- 9 | 10-12 | 13-15 || total
-------------------------+-------+-------+-------+-------+-------++-------
Melee: Spear             |     3 |       |       |       |       ||     3
       Short sword       |    34 |    19 |       |       |       ||    53
       Mace              |       |    74 |   182 |   266 |       ||   522
       Broad axe         |       |       |       |   190 |    88 ||   278
       Great sword       |       |       |       |     5 |       ||     5
 Fire: Shortbow          |       |    30 |     7 |     5 |       ||    42
Throw: Boomerang         |    64 |    22 |       |       |       ||    86
 Cast: Sandblast         |    12 |    28 |    36 |     1 |       ||    77
       Stone Arrow       |       |       |    12 |    99 |    12 ||   123
       Petrify           |       |       |       |     6 |       ||     6
       Mephitic Cloud    |       |       |       |    26 |     2 ||    28
       Scorch            |       |       |       |     4 |     1 ||     5
       Ozocubu's Armour  |       |       |       |     1 |       ||     1
 Abil: Dig               |     1 |     1 |    10 |    11 |     5 ||    28
Evoke: Wand              |       |       |     6 |     2 |       ||     8
       Lightning rod     |       |       |       |     4 |     1 ||     5
  Use: Scroll            |       |     6 |    11 |     7 |       ||    24
       Potion            |       |       |     1 |     6 |     4 ||    11
 Stab: Sleeping          |       |     3 |       |     6 |     1 ||    10
       Petrified         |       |       |       |     7 |       ||     7
       Invisible         |       |       |       |     6 |       ||     6
       Confused          |       |       |       |     4 |       ||     4
       Distracted        |       |       |       |       |     1 ||     1
Armor: Robe              |    15 |     5 |     2 |       |       ||    22
       Ring mail         |       |       |    71 |     3 |       ||    74
       Steam dragon scal |       |       |       |   347 |    14 ||   361
       Troll leather arm |       |       |       |       |    81 ||    81
Dodge: Dodged            |    41 |    59 |   207 |   870 |   196 ||  1373
Block: Kite shield       |       |       |       |       |    74 ||    74

Table legend: (Time is in decaauts)
 A = Elapsed time spent in this place.
 B = Non-inter-level travel time spent in this place.
 C = Inter-level travel time spent in this place.
 D = Time resting spent in this place.
 E = Time spent auto-exploring this place.
 F = Levels seen in this place.
 G = Mean time per level.
                   A        B        C        D        E       F      G
               +--------+--------+--------+--------+--------+-----+--------+
         Total |  18866 |  17486 |   1380 |   5173 |   7848 |  15 | 1257.7 |
       Dungeon |  17705 |  16345 |   1360 |   4588 |   7519 |  13 | 1361.9 |
        Temple |    244 |    224 |     20 |      0 |    187 |   1 |  244.0 |
       Ossuary |    916 |    916 |      0 |    585 |    142 |   1 |  916.0 |
               +--------+--------+--------+--------+--------+-----+--------+

Top non-repeatable levels by time:
     D:5: 2024 daAuts
     D:3: 1990 daAuts
    D:11: 1809 daAuts
     D:6: 1780 daAuts
     D:4: 1524 daAuts
     D:9: 1473 daAuts
     D:8: 1419 daAuts
     D:2: 1370 daAuts
    D:10: 1281 daAuts
     D:7: 1219 daAuts
    D:12: 938 daAuts
 Ossuary: 916 daAuts
     D:1: 754 daAuts
  Temple: 244 daAuts
    D:13: 118 daAuts
